 Dungeon Crawl Stone Soup version 0.29.1-15-g9cfb28693d (webtiles) character file.

Game seed: 11785904169226190221

288 Labrat the Digger (level 6, -5/45 HPs)
             Began as a Meteoran Earth Elementalist on Aug 26, 2023.
             Slain by an iguana (11 damage)
             ... in the Ecumenical Temple.
             The game lasted 00:12:42 (1179 turns).

Labrat the Digger (Meteoran Earth Elementalist)     Turns: 1179, Time: 00:12:43

Health: -5/45      AC:  2    Str: 10    XL:     6   Next: 88%
Magic:  12/14      EV: 12    Int: 18    God:
Gold:   70         SH:  0    Dex: 15    Spells: 12/15 levels left

rFire   . . .      SeeInvis .   (no weapon)
rCold   . . .      Faith    .   (no shield)
rNeg    . . .      Spirit   .   a - +0 robe
rPois   .          Reflect  .   (no helmet)
rElec   .          Harm     .   (no cloak)
rCorr   .          Rampage  .   (no gloves)
Will    .....                   (no boots)
Stlth   +.........              (no amulet)
HPRegen 0.15/turn               (no ring)
MPRegen 0.14/turn               (no ring)

@: marked, glowing
A: sense surroundings 1, otherworldly, glowing, explore regen
a: no special abilities


You were in the Ecumenical Temple.
You visited 2 branches of the dungeon, and saw 6 of its levels.

You collected 70 gold pieces.

Inventory:

Armour
 a - a +0 robe (worn)
Scrolls
 c - a scroll of teleportation
 f - a scroll of butterflies
 i - a scroll of magic mapping {unknown}
 j - a scroll of blinking {unknown}
 m - a scroll of enchant weapon {unknown}
 n - a scroll of silence {unknown}
Potions
 b - a potion of magic
 d - a potion of heal wounds {unknown}
 e - 2 potions of mutation
 g - 2 potions of haste
 h - 2 potions of brilliance
 k - a potion of degeneration {unknown}
 o - a potion of berserk rage {unknown}


   Skills:
 - Level 2.4 Dodging
 - Level 1.4 Stealth
 + Level 5.1 Spellcasting
 - Level 4.0 Transmutations
 + Level 5.7 Earth Magic


You had 12 spell levels left.
You knew the following spells:

 Your Spells              Type           Power      Damage    Failure   Level
a - Sandblast             Erth           50%        2d12      1%          1
b - Passwall              Tmut/Erth      18%        N/A       2%          2

Your spell library contained the following spells:

 Spells                   Type           Power      Damage    Failure   Level
 Stone Arrow              Conj/Erth      30%        3d8       12%         3
 Petrify                  Tmut/Erth      22%        N/A       17%         4
 Ignite Poison            Fire/Tmut/Pois 9%         N/A       22%         3
 Mephitic Cloud           Conj/Pois/Air  4%         N/A       36%         3
 Freezing Cloud           Conj/Ice/Air   2%         6-21      98%         5


Dungeon Overview and Level Annotations

Branches:
Dungeon (5/15) Zot: 1870   Temple (1/1) D:5 Zot: 504

Altars:
Ashenzari
Cheibriados
Dithmenos
Fedhas
Gozag
Kikubaaqudgha
Makhleb
Nemelex Xobeh
Qazlal
Ru
Sif Muna
Trog
Uskayaw
Xom
Yredelemnul
The Shining One


Innate Abilities, Weirdness & Mutations

You passively map a small area around you.
You are easily found by Zot.
You glow in the dark.
You regain HP and MP as you explore.


Message History

There is a staircase to the Ecumenical Temple here.
Casting: Sandblast (safe; 1% risk of failure)
Confirm with . or Enter, or press ? or * to list all spells.
Aiming: Sandblast (safe; 1% risk of failure)
Press: ? - help, Shift-Dir - straight line, f/p - iguana
Aim: an iguana (85% to hit)
The blast of sand hits the iguana but does no damage.
The iguana bites you!
A scorpion comes into view.
Unknown command.
Casting: Sandblast (safe; 1% risk of failure)
Confirm with . or Enter, or press ? or * to list all spells.
Aiming: Sandblast (safe; 1% risk of failure)
Press: ? - help, Shift-Dir - straight line, f/p - iguana
Aim: an iguana (85% to hit)
The blast of sand hits the iguana.
The iguana is moderately wounded.
The adder barely misses you. The iguana completely misses you.
The adder closely misses you. The iguana bites you! The adder bites you.
The ufetubus hits you. x2
* * * LOW HITPOINT WARNING * * *
The adder barely misses you.
The ufetubus hits you but does no damage.
The ufetubus hits you.
* * * LOW HITPOINT WARNING * * *
The iguana barely misses you.
You climb downwards.
Welcome back to the Ecumenical Temple!
There is a staircase back to the Dungeon here.
Unknown command.
Casting: Sandblast (safe; 1% risk of failure)
Confirm with . or Enter, or press ? or * to list all spells.
Aiming: Sandblast (safe; 1% risk of failure)
Press: ? - help, Shift-Dir - straight line, f - adder
Aim: an adder (72% to hit)
The blast of sand misses the adder.
The ufetubus hits you but does no damage.
The ufetubus hits you.
* * * LOW HITPOINT WARNING * * *
The adder barely misses you. The iguana bites you!
You die...

#..._...≈≈≈≈≈≈≈≈≈≈≈..._...#
#.......≈≈≈≈≈≈≈≈≈≈≈.......#
#..._...≈≈≈≈≈≈≈≈≈..._...#
#.......≈≈≈≈≈≈≈≈≈.......#
#...8...≈≈≈≈≈≈≈≈≈...8...#
##.......≈≈≈≈≈≈≈.......##
#..._............._...#
#..........S5.........#
#..._......@......_...#
#...........l.........#
#..._............._...#
##.......≈≈≈≈≈≈≈.......##
#...8...≈≈≈≈≈≈≈≈≈...8...#
#.......≈≈≈≈≈≈≈≈≈.......#
##..._...≈≈≈≈≈≈≈≈≈..._...#
#.......≈≈≈≈≈≈≈≈≈≈≈.......#
##..._...≈≈≈≈≈≈≈≈≈≈≈..._...#


You could see an iguana, an adder and an ufetubus.

Vanquished Creatures
  A vampire bat (D:3)
  An orc priest (D:3)
  An iguana (D:5)
  An orc wizard (D:3)
  4 adders
  A worm (D:2)
  3 dart slugs
  3 fire bats (D:3)
  4 orcs
  2 spectral bats (D:3)
  3 bat skeletons (D:3)
  A bat zombie (D:3)
  5 endoplasms
  A giant cockroach (D:2)
  8 goblins
  A hobgoblin (D:4)
  3 jackals (D:4)
  2 ball pythons
  9 bats
  A bat simulacrum (D:3)
  3 frilled lizards
  3 kobolds
  3 rats
64 creatures vanquished.

Vanquished Creatures (others)
  3 fungi (D:3)
  8 toadstools (D:3)
11 creatures vanquished.

Grand Total: 75 creatures vanquished

Notes
Turn   | Place    | Note
-------+----------+-------------------------------------------
     0 | D:1      | Labrat the Meteoran Earth Elementalist began the quest for
                  | the Orb.
     0 | D:1      | Reached XP level 1. HP: 14/14 MP: 5/5
    47 | D:1      | Found a faded altar of an unknown god.
    54 | D:2      | Reached XP level 2. HP: 16/20 MP: 4/7
    57 | D:2      | Learned a level 2 spell: Passwall
   103 | D:1      | Reached XP level 3. HP: 23/26 MP: 3/8
   478 | D:1      | Reached XP level 4. HP: 33/33 MP: 10/10
   661 | D:3      | Found a shadowy altar of Dithmenos.
   673 | D:3      | Reached XP level 5. HP: 38/38 MP: 5/11
   782 | D:3      | Reached skill level 5 in Earth Magic
   785 | D:3      | Reached XP level 6. HP: 19/45 MP: 0/13
   844 | D:3      | Found a blossoming altar of Fedhas.
  1057 | D:5      | Entered Level 5 of the Dungeon
  1061 | D:5      | Reached skill level 5 in Spellcasting
  1062 | D:5      | Found a staircase to the Ecumenical Temple.
  1069 | Temple   | Entered the Ecumenical Temple
  1169 | D:5      | Noticed a black bear
  1179 | Temple   | Slain by an iguana

Illustrated notes

Levels and vault maps discovered:
D:1:      lightli_arrival_noodles, layout_basic,
          hellmonk_ecumenical_altar_run_dry
D:2:      layout_basic
D:3:      cheibrodos_fertilizer, layout_basic, fedhas_altar_3,
          grunt_dithmenos_smoke, goddamned_bats
D:4:      layout_basic, vehumet_statue
D:5:      layout_basic, mainiacjoe_overflow_two_lobes,
          minmay_temple_entry_gardened_gates
Temple:   nicolae_temple_two_arcs

Skill      XL: |  1  2  3  4  5  6 |
---------------+-------------------+-----
Spellcasting   | 3 4 5 |  5.1
Earth Magic    | 4 5 |  5.7
Transmutations | 2 3 4 |  4.0
Dodging        | |  2.4
Stealth        | |  1.4

Action                   |  1- 3 |  4- 6 || total
-------------------------+-------+-------++-------
Melee: Unarmed           |       |    19 ||    19
       Punch             |       |     1 ||     1
 Cast: Sandblast         |    24 |    67 ||    91
       Passwall          |     3 |     4 ||     7
  Use: Scroll            |       |     5 ||     5
Armor: Robe              |       |    59 ||    59
Dodge: Dodged            |     2 |    65 ||    67
